 Dungeon Crawl Stone Soup version 0.29.1-15-g9cfb28693d (webtiles) character file.

Game seed: 16863611979053149351

2284 asdfadf the Cleaver (level 9, -2/78 HPs)
             Began as a Hill Orc Fighter on May 1, 2023.
             Slain by an iguana (10 damage)
             ... on level 7 of the Dungeon.
             The game lasted 00:13:05 (7692 turns).

asdfadf the Cleaver (Hill Orc Fighter)              Turns: 7692, Time: 00:13:06

Health: -2/78      AC: 11    Str: 27    XL:     9   Next: 39%
Magic:  18/18      EV: 10    Int:  8    God:
Gold:   344        SH: 10    Dex: 10    Spells: 8/8 levels left

rFire   + + .      SeeInvis .   e - +6 broad axe of Hacking and Slashing {vamp, Contam rF++ MP+9 Str+4}
rCold   . . .      Faith    .   c - +0 buckler
rNeg    . . .      Spirit   .   b - +0 scale mail
rPois   .          Reflect  +   (no helmet)
rElec   .          Harm     .   t - scarf {repulsion}
rCorr   .          Rampage  .   x - +2 pair of gloves
Will    .....      Clarity  +   (no boots)
Stlth   ..........              j - amulet of reflection
HPRegen 0.23/turn               (no ring)
MPRegen 0.16/turn               (no ring)

@: weakened, invisible, repel missiles, very slow
A: clarity
a: no special abilities


You were on level 7 of the Dungeon.
You visited 1 branch of the dungeon, and saw 7 of its levels.

You collected 344 gold pieces.

Inventory:

Hand Weapons
 a - a +1 war axe
 e - the +6 broad axe of Hacking and Slashing (weapon) {vamp, Contam rF++ MP+9 Str+4}
   (You acquired it on level 5 of the Dungeon)

   It occasionally heals its wielder for a portion of the damage dealt when it
   wounds a living foe.
   Str:       It affects your strength (+4).
   rF:        It greatly protects you from fire.
   MP:        It affects your magic capacity (+9).
   Contam:    It causes magical contamination when unequipped.
Armour
 b - a +0 scale mail (worn)
 c - a +0 buckler (worn)
 t - a scarf of repulsion (worn)
 x - a +2 pair of gloves (worn)
Jewellery
 j - an amulet of reflection (around neck)
 u - a ring of protection from cold
Wands
 f - a wand of mindburst (11)
 m - a wand of paralysis (6)
 r - a wand of roots (8)
 v - a wand of polymorph (4)
Scrolls
 g - a scroll of silence {unknown}
 l - a scroll of blinking
 n - 2 scrolls of magic mapping
 o - 5 scrolls of identify
 p - 2 scrolls of butterflies
 s - 3 scrolls of teleportation
Potions
 d - a potion of flight
 h - a potion of degeneration
 k - 2 potions of curing
 q - 2 potions of brilliance


   Skills:
 + Level 6.5 Fighting
 + Level 11.1 Axes
 + Level 6.9 Armour
 + Level 2.2 Dodging
 + Level 0.8 Stealth
 + Level 5.7 Shields


You had 8 spell levels left.
You didn't know any spells.
Your spell library contained the following spells:

 Spells                   Type           Power      Damage    Failure   Level
 Apportation              Tloc           0%         N/A       75%         1
 Necrotise                Necr           0%         1d4       75%         1
 Summon Small Mammal      Summ           0%         N/A       75%         1
 Dazzling Flash           Conj/Hex       0%         N/A       98%         3
 Portal Projectile        Hex/Tloc       0%         N/A       98%         3
 Tukima's Dance           Hex            0%         N/A       98%         3
 Vampiric Draining        Necr           0%         2d6       98%         3
 Iskenderun's Mystic Bla  Conj/Tloc      0%         2d3       100%        4
 Agony                    Necr           0%         N/A       100%        5
 Blade Hands              Tmut           0%         N/A       100%        5
 Freezing Cloud           Conj/Ice/Air   0%         6-21      100%        5
 Simulacrum               Ice/Necr       0%         N/A       100%        6
 Starburst                Conj/Fire      0%         6d3       100%        6
 Polar Vortex             Ice            0%         N/A       100%        9


Dungeon Overview and Level Annotations

Branches:
Dungeon (7/15)             Temple (0/1) D:5

Altars:
Ashenzari
Dithmenos
Elyvilon
Kikubaaqudgha
Ru
Sif Muna

Shops:
D:4 [   D:5 ?


Innate Abilities, Weirdness & Mutations

You possess an exceptional clarity of mind.


Message History

The cyclops is lightly wounded.
You hear a shout!
The cyclops hits you!
You slice the cyclops!!
The cyclops is heavily wounded.
The cyclops hits you!!
You slash the cyclops!
You feel better.
The cyclops is severely wounded.
You hit the cyclops.
The cyclops is severely wounded.
The cyclops hits you!
A hound comes into view.
A gnoll bouda comes into view. It is wielding a +0 club.
The hound barks!
You hit the cyclops but do no damage.
The cyclops is severely wounded.
You block the cyclops's attack.
You hit the cyclops.
You feel better.
The cyclops is severely wounded.
You hit the hound. The hound bites you but does no damage.
The cyclops hits you!!
* * * LOW HITPOINT WARNING * * *
The hound barely misses you.
It was a potion of invisibility.
You fade into invisibility!
The iguana bites you but does no damage.
The hound bites you but does no damage. The cyclops closely misses you.
The hound attacks as you move away! The hound bites you but does no damage.
You enter the shallow water.
Moving in this stuff is going to be slow. ...and don't expect to remain undetected.
The hound bites you but does no damage. The hound bites you.
* * * LOW HITPOINT WARNING * * *
The cyclops throws a large rock.
The large rock hits the hound!!
The hound dies!
The gnoll bouda gazes fiercely through you!
You feel your attacks grow feeble. The iguana attacks as you move away!
The iguana bites you!
You die...

..# #...# #...
###...### #.#.#
#~~...~~#
!...###~..♣..~##.#
#..#.........#.#
#....♣._.♣....#
#.Cg..........#
#..#†l.♣..~##.#
....##~@...~~#
##..# ###...###
.... ##.## ....
##.# ### ##..#
###..##
########...##
........[###
######.## ##


You could see a cyclops, a gnoll bouda and an iguana.

Vanquished Creatures
  An unseen horror (D:5)
  Grinder (D:3)
  The ghost of p0werm0de the Trooper, an amateur MiFi (D:5)
  2 water moccasins (D:6)
  A sky beast (D:5)
  A kobold brigand (D:6)
  A necrophage (D:4)
  2 bullfrogs
  2 scorpions
  5 wights (D:6)
  A howler monkey (D:5)
  5 jellies
  4 hounds
  4 iguanas
  2 orc wizards
  Natasha (thrice) (D:3)
  A gnoll (D:1)
  12 adders
  A white imp (D:6)
  A worm (D:2)
  12 orcs
  8 ball pythons
  2 bats (D:1)
  5 endoplasms
  3 giant cockroaches
  5 goblins
  4 hobgoblins
  11 kobolds
  3 quokkas
  5 frilled lizards
  3 rats
112 creatures vanquished.

Vanquished Creatures (others)
  A hound (D:7)
  A quokka (D:7)
2 creatures vanquished.

Grand Total: 114 creatures vanquished

Notes
Turn   | Place    | Note
-------+----------+-------------------------------------------
     0 | D:1      | asdfadf the Hill Orc Fighter began the quest for the Orb.
     0 | D:1      | Reached XP level 1. HP: 19/19 MP: 1/1
   489 | D:1      | Reached XP level 2. HP: 24/27 MP: 2/2
   778 | D:1      | Found a faded altar of an unknown god.
  1418 | D:1      | Reached skill level 3 in Axes
  1418 | D:1      | Reached XP level 3. HP: 31/33 MP: 3/3
  1859 | D:2      | Reached skill level 4 in Axes
  2011 | D:2      | Reached XP level 4. HP: 40/40 MP: 4/4
  2551 | D:3      | Noticed Natasha
  2573 | D:3      | Killed Natasha
  3124 | D:3      | Identified the +7 dagger "Miriack" {spect, *Rage rElec rF+}
  3147 | D:3      | Noticed Natasha
  3158 | D:3      | Killed Natasha
  3159 | D:3      | Reached skill level 5 in Axes
  3159 | D:3      | Reached XP level 5. HP: 30/46 MP: 5/5
  3296 | D:3      | Noticed Natasha
  3307 | D:3      | Killed Natasha
  3391 | D:3      | Reached skill level 1 in Dodging
  3400 | D:3      | Noticed Grinder
  3404 | D:3      | Paralysed by Grinder for 4 turns
  3440 | D:3      | Gained mutation: You possess an exceptional clarity of
                  | mind. [potion of mutation]
  3446 | D:3      | Killed Grinder
  3447 | D:3      | Reached skill level 6 in Axes
  3447 | D:3      | Reached XP level 6. HP: 34/53 MP: 6/6
  3792 | D:4      | Found a sacrificial altar of Ru.
  3847 | D:4      | Reached XP level 7. HP: 40/60 MP: 7/7
  3976 | D:4      | Found a broken altar of Ashenzari.
  4232 | D:4      | Identified the +8 chain mail of the Desolation of Salt
                  | {rF+++ rCorr Str-5 Stlth-}
  4275 | D:4      | Reached skill level 5 in Armour
  4369 | D:4      | Found Quonou's Antique Armour Emporium.
  4781 | D:4      | Reached skill level 5 in Fighting
  4781 | D:4      | Reached skill level 7 in Axes
  4877 | D:5      | Entered Level 5 of the Dungeon
  4896 | D:5      | Found a shadowy altar of Dithmenos.
  5114 | D:5      | Found a staircase to the Ecumenical Temple.
  5147 | D:5      | Noticed p0werm0de's ghost (amateur MiFi)
  5148 | D:5      | Found a transporter.
  5152 | D:5      | Found a transporter.
  5464 | D:5      | Reached XP level 8. HP: 26/68 MP: 8/8
  5753 | D:5      | Reached skill level 8 in Axes
  5819 | D:5      | Found Xiarryi's Magic Scroll Emporium.
  5833 | D:5      | Identified a scroll of acquirement
  5833 | D:5      | Acquired the +6 broad axe of Hacking and Slashing {vamp,
                  | Contam rF++ MP+9 Str+4}
  5926 | D:5      | Reached skill level 5 in Shields
  6166 | D:5      | Killed p0werm0de's ghost
  6174 | D:5      | Identified the +2 flail of Death's Door {vorpal, Int+4}
  6176 | D:5      | HP: 3/69 [something (2)]
  6177 | D:5      | Killed an unseen horror
  6178 | D:5      | Reached skill level 9 in Axes
  6855 | D:6      | Reached XP level 9. HP: 73/75 MP: 9/9
  6945 | D:6      | Found an ancient bone altar of Kikubaaqudgha.
  7080 | D:6      | Reached skill level 10 in Axes
  7453 | D:6      | Found a shimmering blue altar of Sif Muna.
  7493 | D:6      | Reached skill level 11 in Axes
  7668 | D:7      | Found a white marble altar of Elyvilon.
  7675 | D:7      | Noticed a cyclops
  7692 | D:7      | Slain by an iguana

Illustrated notes

Levels and vault maps discovered:
D:1:      dpeg_arrival_morbid_curiosity, layout_basic,
          hellmonk_ecumenical_altar_blasted
D:2:      layout_loops_corners
D:3:      layout_loops_ring, uniq_grinder, uniq_natasha
D:4:      layout_gridville, mainiacjoe_overflow_tiny_flanked,
          mainiacjoe_overflow_chevrons, serial_shops, nicolae_shop_behind_doors,
          serial_bayou_crossing
D:5:      layout_layer_cave, nicolae_dithmenos_shadow_blocks,
          minmay_temple_entry_stoned_glass, serial_shops, shop,
          gammafunk_ghost_arena
D:6:      layout_gridville, mainiacjoe_overflow_alcove_1,
          nicolae_kikubaaqudgha_miasma_corner, chequers_serial_rivers_small_b
D:7:      layout_basic, elyvilon_altar_4, mainiacjoe_overflow_catwalk,
          minmay_bent, uniq_joseph, uniq_duvessa

Skill      XL: |  1  2  3  4  5  6  7  8  9 |
---------------+----------------------------+-----
Fighting       | 4 5 6 |  6.5
Axes           | 3 4 5 6 7 9 11 | 11.1
Armour         | 4 5 6 |  6.9
Shields        | 4 5 |  5.7
Dodging        | 1 2 |  2.2
Stealth        | |  0.8

Action                   |  1- 3 |  4- 6 |  7- 9 || total
-------------------------+-------+-------+-------++-------
Melee: War axe           |    78 |   104 |    99 ||   281
       Broad axe         |       |       |   105 ||   105
  Use: Potion            |       |     5 |     6 ||    11
       Scroll            |       |     1 |    10 ||    11
Armor: Scale mail        |    41 |    23 |    71 ||   135
Dodge: Dodged            |    46 |    47 |    64 ||   157
Block: Buckler           |    36 |    59 |    98 ||   193
       Reflection        |     4 |     5 |     1 ||    10
